 Dungeon Crawl Stone Soup version 0.29.0-4-gdea44cf6ec (webtiles) character file.

Game seed: 10352965462263090235

34822 qw the Severer (level 13, -3/132 HPs)
             Began as a Gargoyle Berserker on Sept 8, 2022.
             Was an Elder of Trog.
             Slain by a water moccasin (4 damage)
             ... on level 5 of the Lair of Beasts.
             The game lasted 00:04:59 (15505 turns).

qw the Severer (Gargoyle Berserker)                Turns: 15505, Time: 00:04:59

Health: -3/132     AC: 29    Str: 26    XL:     13   Next: 79%
Magic:  13/13      EV:  9    Int:  8    God:    Trog [****..]
Gold:   1016       SH:  5    Dex:  9    Spells: 12/12 levels left

rFire   . . .      SeeInvis .   Y - +3 war axe (protect)
rCold   + . .      Faith    .   (no shield)
rNeg    + + .      Spirit   .   o - +0 chain mail of Doomed Music {Will+}
rPois   inf        Reflect  +   (no helmet)
rElec   +          Harm     .   (no cloak)
rCorr   .          Rampage  .   (no gloves)
Will    +....                   m - +0 pair of boots
Stlth   ..........              c - amulet of reflection
HPRegen 0.32/turn               d - ring of Disaster {rN+ Slay+5}
MPRegen 0.13/turn               f - ring of protection from cold

@: berserking, under a protective aura, very quick
A: sickness immunity, AC +9, negative energy resistance 1, electricity
resistance, torment resistance 1, petrification resistance
a: Renounce Religion, Berserk, Trog's Hand, Brothers in Arms


You were on level 5 of the Lair of Beasts.
You worshipped Trog.
Trog was greatly pleased with you.
You visited 2 branches of the dungeon, and saw 13 of its levels.
You also visited: Sewer.

You collected 1016 gold pieces.


Innate Abilities, Weirdness & Mutations

You are immune to sickness and miasma.
Your stone body is resilient. (AC +9)
You are immune to poison.
You resist negative energy. (rN+)
You are resistant to electric shocks. (rElec)
You are resistant to unholy torment.
You are immune to petrification.


   Skills:
 + Level 13.6 Fighting
 - Level 16.0 Axes
 - Level 3.0 Throwing
 - Level 10.0 Armour
 - Level 3.1 Dodging


You had 12 spell levels left.
You didn't know any spells.
Your spell library was empty.

Inventory:

Hand Weapons
 q - a +0 flail of holy wrath
 Y - a +3 war axe of protection (weapon)
Armour
 m - a +0 pair of boots (worn)
 o - the +0 chain mail of Doomed Music (worn) {Will+}
   (You found it on level 4 of the Dungeon)

   Will:      It increases your willpower.
Jewellery
 c - an amulet of reflection (around neck)
 d - the ring of Disaster (left hand) {rN+ Slay+5}
   (You found it on level 2 of the Dungeon)

   [ring of positive energy]

   Slay:      It affects your accuracy & damage with ranged weapons and melee
   (+5).
   rN:        It protects you from negative energy.
 f - a ring of protection from cold (right hand)
Scrolls
 a - 2 scrolls of identify
Potions
 b - a potion of cancellation
 e - 2 potions of mutation
 g - 3 potions of might
 j - a potion of haste
 k - 3 potions of curing
 n - 4 potions of resistance

Dungeon Overview and Level Annotations

Branches:
Dungeon (8/15)             Temple (0/1) D:4            Lair (5/5) D:8
  Swamp (0/4) Lair:2        Snake (0/4) Lair:3        Slime (0/5) Lair:4
  Sewer (visited)

Altars:
Cheibriados
Dithmenos
Kikubaaqudgha
Nemelex Xobeh
Ru
Sif Muna
Trog
Uskayaw
Xom
Yredelemnul
Zin
Jiyva

Annotations:
D:8 2 transporters, qw's ghost, novice MiFi
Lair:3 3 runed translucent doors, qw's ghost, journeyman MiBe


Message History

You feel strangely unstable.
The wyvern bites you but does no damage.
You block the komodo dragon's attack.
You slash the wyvern!
You kill the wyvern!
Trog accepts your kill.
You barely miss the komodo dragon. You slash the komodo dragon!
The komodo dragon is moderately wounded.
You slash the water moccasin!
The water moccasin bites you but does no damage.
The komodo dragon bites you!
A cane toad comes into view.
You slash the komodo dragon!
The komodo dragon is severely wounded.
You hit the water moccasin. The water moccasin bites you.
The komodo dragon bites you but does no damage.
You barely miss the komodo dragon.
The komodo dragon is severely wounded.
You closely miss the water moccasin.
The water moccasin bites you but does no damage.
You hit the komodo dragon but do no damage.
The komodo dragon is severely wounded.
You completely miss the water moccasin.
You recover from your berserk rage.
The water moccasin bites you but does no damage.
The komodo dragon bites you but does no damage.
15502 ||| INVOKING Berserk.
A red film seems to cover your vision as you go berserk!
You feel yourself moving faster!
You feel mighty!
Your surroundings suddenly seem different.
A water moccasin comes into view.
The water moccasin hisses angrily.
You feel a strong urge to attack something.
You closely miss the water moccasin. The water moccasin bites you.
You closely miss the water moccasin. The water moccasin bites you.
You die...

##
##.##
....
#..#
#..##
##...#
#.@.P#
#.S.##
##...#
...##


PP.. .P.... ...... ........ You could see a water moccasin.

Vanquished Creatures
  Kirke (Lair:3)
  8 death yaks
  A catoblepas (Lair:2)
  2 bog bodies (Lair:2)
  Pikel (D:5)
  9 elephants
  A torpor snail (Lair:1)
  2 black mambas
  7 cane toads
  6 komodo dragons
  2 rime drakes
  Grinder (D:6)
  A polar bear (Lair:3)
  20 blink frogs
  8 wyverns
  6 hogs (Lair:3)
  26 yaks
  6 basilisks
  Menkaure (D:6)
  3 swamp worms (Lair:2)
  A naga (Lair:3)
  Edmund (D:4)
  7 water moccasins
  Duvessa (D:5)
  An orc warrior (D:6)
  An ice beast (D:5)
  Pargi (Sewer)
  A sky beast (D:6)
  2 black bears
  2 ogres (D:4)
  15 wolves
  A lemure (D:5)
  A kobold brigand (D:8)
  2 phantoms
  18 bullfrogs
  A necrophage (D:7)
  8 scorpions
  4 wights (D:7)
  Dowan (D:5)
  6 electric eels (Lair:2)
  3 howler monkeys (D:7)
  3 hounds
  A gnoll bouda (D:7)
  3 orc priests
  2 jellies
  5 iguanas
  7 orc wizards
  10 adders
  7 gnolls
  3 river rats (D:3)
  A shadow imp (D:6)
  A white imp (D:7)
  An ufetubus (D:5)
  A worm (D:3)
  3 dart slugs
  20 orcs
  8 ball pythons
  4 bats
  10 endoplasms
  8 giant cockroaches
  4 hobgoblins
  7 jackals
  2 quokkas
  A frilled lizard (D:1)
  2 goblins
  16 kobolds
  5 rats
325 creatures vanquished.

Vanquished Creatures (collateral kills)
  2 hydras
  An oklob plant (Lair:3)
  A cane toad (Lair:3)
  A water moccasin (Lair:3)
5 creatures vanquished.

Vanquished Creatures (others)
  31 fungi
  31 plants
  5 toadstools (D:7)
  A withered plant (D:1)
68 creatures vanquished.

Grand Total: 398 creatures vanquished

Notes
Turn   | Place    | Note
-------+----------+-------------------------------------------
     0 | D:1      | qw the Gargoyle Berserker began the quest for the Orb.
     0 | D:1      | Reached XP level 1. HP: 14/14 MP: 1/1
     0 | D:1      | 0 ||| qw: Version: 0.1-a-112-g44dc6cd
     0 | D:1      | 0 ||| qw: Game counter: 6649
     0 | D:1      | 0 ||| qw: Always use a shield: true
     0 | D:1      | 0 ||| qw: Do Orc after D:15 true
     0 | D:1      | 0 ||| qw: Do second Lair branch before Depths: true
     0 | D:1      | 0 ||| qw: Lair rune preference: random
     0 | D:1      | 0 ||| qw: Plans: Normal
     0 | D:1      | 0 ||| PLANNING D:1-11
    84 | D:1      | Reached skill level 3 in Axes
   219 | D:1      | Reached XP level 2. HP: 19/19 MP: 2/2
   514 | D:1      | Reached skill level 1 in Throwing
   977 | D:1      | 977 ||| UPGRADING to amulet of reflection.
   982 | D:1      | 982 ||| DROPPING amulet of guardian spirit.
   983 | D:1      | 983 ||| READING 2 scrolls labelled JAOTRA YPNURPH.
   984 | D:1      | 984 ||| DRINKING 2 amethyst potions.
  1058 | D:2      | 1058 ||| STAIRDANCE
  1182 | D:2      | Identified the ring of Disaster {rN+ Slay+5}
  1241 | D:2      | Reached XP level 3. HP: 23/23 MP: 3/3
  1241 | D:2      | 1241 ||| Stepping ~*~*~tactically~*~*~ (stealth).
  1254 | D:2      | 1254 ||| Stepping ~*~*~tactically~*~*~ (hiding).
  1256 | D:2      | Reached ** piety under Trog
  1259 | D:2      | 1259 ||| INVOKING Berserk.
  1265 | D:2      | Reached skill level 4 in Axes
  1265 | D:2      | Reached XP level 4. HP: 28/28 MP: 4/4
  1280 | D:2      | 1280 ||| Stepping ~*~*~tactically~*~*~ (stealth).
  1323 | D:2      | 1323 ||| DROPPING +0 club.
  1366 | D:2      | 1366 ||| FLEEEEING.
  1367 | D:2      | 1367 ||| STAIRDANCE
  1493 | D:1      | 1493 ||| UPGRADING to ring of Disaster {rN+ Slay+5}.
  1494 | D:1      | 1494 ||| READING 2 scrolls of identify.
  1494 | D:1      | 1494 ||| IDENTIFYING fizzy white potion
  1578 | D:2      | 1578 ||| Stepping ~*~*~tactically~*~*~ (stealth).
  1607 | D:2      | 1607 ||| Stepping ~*~*~tactically~*~*~ (stealth).
  1609 | D:2      | 1609 ||| INVOKING Berserk.
  1612 | D:2      | Reached XP level 5. HP: 32/32 MP: 5/5
  1689 | D:2      | Reached skill level 5 in Axes
  1835 | D:2      | 1835 ||| Stepping ~*~*~tactically~*~*~ (stealth).
  1946 | D:2      | Found a faded altar of an unknown god.
  2107 | D:2      | 2107 ||| Stepping ~*~*~tactically~*~*~ (stealth).
  2109 | D:2      | 2109 ||| Stepping ~*~*~tactically~*~*~ (stealth).
  2111 | D:2      | 2111 ||| Stepping ~*~*~tactically~*~*~ (stealth).
  2113 | D:2      | 2113 ||| Stepping ~*~*~tactically~*~*~ (stealth).
  2115 | D:2      | 2115 ||| Stepping ~*~*~tactically~*~*~ (stealth).
  2299 | D:2      | 2299 ||| UPGRADING to +0 pair of boots.
  2304 | D:2      | 2304 ||| UPGRADING to +0 ring mail.
  2314 | D:2      | 2314 ||| DROPPING +0 animal skin.
  2315 | D:2      | 2315 ||| UPGRADING to ring of protection from cold.
  2316 | D:2      | 2316 ||| READING scroll labelled WEEFU ANEUTS.
  2317 | D:2      | 2317 ||| DRINKING 2 murky pink potions.
  2318 | D:2      | 2318 ||| READING 3 scrolls of identify.
  2318 | D:2      | 2318 ||| IDENTIFYING fizzy golden potion
  2319 | D:2      | 2319 ||| READING 2 scrolls of identify.
  2319 | D:2      | 2319 ||| IDENTIFYING inky potion
  2320 | D:2      | 2320 ||| DROPPING potion of brilliance.
  2321 | D:2      | 2321 ||| DROPPING potion of attraction.
  2351 | D:3      | 2351 ||| PLANNING SEWER
  2371 | D:3      | Identified the +5 hand axe of Annihilation {vorpal, Str+3}
  2373 | D:3      | 2373 ||| SWAPPING to +5 hand axe of Annihilation {vorpal,
                  | Str+3}.
  2374 | D:3      | 2374 ||| DROPPING +1 hand axe.
  2406 | D:3      | 2406 ||| Stepping ~*~*~tactically~*~*~ (stealth).
  2447 | D:3      | 2447 ||| Stepping ~*~*~tactically~*~*~ (stealth).
  2449 | D:3      | 2449 ||| Stepping ~*~*~tactically~*~*~ (hiding).
  2452 | D:3      | 2452 ||| Stepping ~*~*~tactically~*~*~ (hiding).
  2653 | D:3      | 2653 ||| Stepping ~*~*~tactically~*~*~ (stealth).
  2659 | D:3      | 2659 ||| Stepping ~*~*~tactically~*~*~ (stealth).
  2679 | D:3      | 2679 ||| FLEEEEING.
  2680 | D:3      | 2680 ||| FLEEEEING.
  2747 | D:3      | 2747 ||| Stepping ~*~*~tactically~*~*~ (water).
  2752 | D:3      | Found a glowing drain.
  2754 | D:3      | 2754 ||| UPGRADING to +0 scale mail.
  2764 | D:3      | 2764 ||| DROPPING +0 ring mail.
  2765 | D:3      | 2765 ||| READING scroll labelled ERIAKOUVUKK.
  2766 | D:3      | 2766 ||| READING scroll labelled UGEOG AMMAMUA.
  2767 | D:3      | 2767 ||| READING scroll labelled RACISA QAKHLUW.
  2772 | Sewer    | Entered a sewer
  2788 | Sewer    | Noticed Pargi
  2797 | Sewer    | Killed Pargi
  2798 | Sewer    | Reached XP level 6. HP: 24/38 MP: 6/6
  3008 | D:3      | 3008 ||| PLANNING D:1-11
  3246 | D:4      | 3246 ||| STAIRDANCE
  3343 | D:4      | Found a staircase to the Ecumenical Temple.
  3371 | D:4      | Reached *** piety under Trog
  3468 | D:4      | 3468 ||| INVOKING Berserk.
  3473 | D:4      | Reached skill level 6 in Axes
  3644 | D:4      | 3644 ||| INVOKING Berserk.
  3800 | D:4      | Found a shimmering altar of Xom.
  3803 | D:4      | 3803 ||| Stepping ~*~*~tactically~*~*~ (stealth).
  3821 | D:4      | Reached XP level 7. HP: 43/43 MP: 7/7
  3865 | D:4      | Identified the +0 chain mail of Doomed Music {Will+}
  3874 | D:4      | Noticed Edmund
  3875 | D:4      | 3875 ||| Stepping ~*~*~tactically~*~*~ (stealth).
  3881 | D:4      | 3881 ||| INVOKING Berserk.
  3884 | D:4      | Killed Edmund
  3885 | D:4      | Reached skill level 7 in Axes
  3995 | D:4      | 3995 ||| DROPPING +0 whip.
  4247 | D:4      | 4247 ||| UPGRADING to +0 chain mail of Doomed Music
                  | {Will+}.
  4257 | D:4      | 4257 ||| DROPPING +0 scale mail.
  4258 | D:4      | 4258 ||| READING scroll labelled XUNKUOR PURI.
  4261 | D:4      | 4261 ||| READING scroll labelled VEYVEN PIOD.
  4262 | D:4      | 4262 ||| READING 2 scrolls of identify.
  4262 | D:4      | 4262 ||| IDENTIFYING fizzy black potion
  4263 | D:4      | 4263 ||| DROPPING potion of lignification.
  4286 | D:5      | Entered Level 5 of the Dungeon
  4329 | D:5      | Found a basalt altar of Yredelemnul.
  4332 | D:5      | 4332 ||| INVOKING Berserk.
  4335 | D:5      | Reached skill level 3 in Armour
  4479 | D:5      | Found a glowing silver altar of Zin.
  4511 | D:5      | 4511 ||| Stepping ~*~*~tactically~*~*~ (stealth).
  4512 | D:5      | 4512 ||| Stepping ~*~*~tactically~*~*~ (stealth).
  4580 | D:5      | 4580 ||| Stepping ~*~*~tactically~*~*~ (stealth).
  4592 | D:5      | Reached XP level 8. HP: 44/51 MP: 8/8
  4688 | D:5      | Found a snail-covered altar of Cheibriados.
  4784 | D:5      | Noticed Duvessa
  4785 | D:5      | 4785 ||| Stepping ~*~*~tactically~*~*~ (stealth).
  4788 | D:5      | 4788 ||| INVOKING Berserk.
  4806 | D:5      | 4806 ||| Stepping ~*~*~tactically~*~*~ (stealth).
  4807 | D:5      | 4807 ||| Stepping ~*~*~tactically~*~*~ (stealth).
  4838 | D:5      | 4838 ||| FLEEEEING.
  4847 | D:5      | 4847 ||| INVOKING Berserk.
  4851 | D:5      | Killed Duvessa
  4854 | D:5      | Noticed Dowan
  4866 | D:5      | HP: 5/51 [Dowan/stone arrow (19)]
  4867 | D:5      | 4867 ||| DRINKING potion of heal wounds.
  4870 | D:5      | Killed Dowan
  4871 | D:5      | Reached skill level 8 in Axes
  5058 | D:5      | Noticed Pikel
  5065 | D:5      | 5065 ||| INVOKING Berserk.
  5070 | D:5      | Killed Pikel
  5155 | D:5      | Found an ancient bone altar of Kikubaaqudgha.
  5256 | D:5      | 5256 ||| Stepping ~*~*~tactically~*~*~ (stealth).
  5257 | D:5      | 5257 ||| Stepping ~*~*~tactically~*~*~ (stealth).
  5265 | D:5      | Reached XP level 9. HP: 59/59 MP: 9/9
  5389 | D:5      | 5389 ||| DROPPING scarf of invisibility.
  5390 | D:5      | 5390 ||| READING scroll labelled FIQEUR VIUFUAKK.
  5391 | D:5      | 5391 ||| READING scroll labelled CICURGH UMEOR.
  5392 | D:5      | 5392 ||| READING 4 scrolls of identify.
  5392 | D:5      | 5392 ||| IDENTIFYING sapphire potion
  5393 | D:5      | 5393 ||| READING 3 scrolls of identify.
  5393 | D:5      | 5393 ||| IDENTIFYING smoky brown potion
  5394 | D:5      | 5394 ||| DROPPING potion of degeneration.
  5424 | D:6      | 5424 ||| STAIRDANCE
  5432 | D:6      | 5432 ||| STAIRDANCE
  5502 | D:6      | Noticed Menkaure
  5503 | D:6      | 5503 ||| Stepping ~*~*~tactically~*~*~ (hiding).
  5512 | D:6      | 5512 ||| INVOKING Berserk.
  5514 | D:6      | Killed Menkaure
  5578 | D:6      | Noticed Grinder
  5579 | D:6      | 5579 ||| Stepping ~*~*~tactically~*~*~ (stealth).
  5581 | D:6      | 5581 ||| Stepping ~*~*~tactically~*~*~ (hiding).
  5584 | D:6      | 5584 ||| Stepping ~*~*~tactically~*~*~ (hiding).
  5587 | D:6      | 5587 ||| INVOKING Trog's Hand.
  5588 | D:6      | 5588 ||| INVOKING Berserk.
  5593 | D:6      | Killed Grinder
  5594 | D:6      | Reached skill level 9 in Axes
  5743 | D:6      | 5743 ||| Stepping ~*~*~tactically~*~*~ (hiding).
  5746 | D:6      | 5746 ||| Stepping ~*~*~tactically~*~*~ (hiding).
  5747 | D:6      | 5747 ||| Stepping ~*~*~tactically~*~*~ (hiding).
  5748 | D:6      | 5748 ||| Stepping ~*~*~tactically~*~*~ (hiding).
  5867 | D:6      | Found a bloodstained altar of Trog.
  5870 | D:6      | 5870 ||| INVOKING Berserk.
  5986 | D:6      | 5986 ||| SWAPPING to +0 war axe.
  5997 | D:6      | Reached skill level 10 in Axes
  6047 | D:6      | 6047 ||| DROPPING +5 hand axe of Annihilation {vorpal,
                  | Str+3}.
  6048 | D:6      | 6048 ||| READING scroll of enchant weapon.
  6048 | D:6      | 6048 ||| ENCHANTING +0 war axe.
  6078 | D:6      | Found a shimmering blue altar of Sif Muna.
  6225 | D:6      | 6225 ||| DROPPING amulet of faith.
  6237 | D:5      | Found a sacrificial altar of Ru.
  6237 | D:5      | Found a shadowy altar of Dithmenos.
  6377 | D:7      | Reached skill level 3 in Throwing
  6576 | D:7      | Reached XP level 10. HP: 64/64 MP: 10/10
  6739 | D:7      | 6739 ||| Stepping ~*~*~tactically~*~*~ (hiding).
  6742 | D:7      | 6742 ||| INVOKING Berserk.
  7013 | D:7      | Reached **** piety under Trog
  7413 | D:7      | 7413 ||| DROPPING ring of ice.
  7414 | D:7      | 7414 ||| READING scroll labelled KUMINN WOKUE.
  7415 | D:7      | 7415 ||| READING 4 scrolls of identify.
  7415 | D:7      | 7415 ||| IDENTIFYING metallic puce potion
  7493 | D:8      | Noticed a gargoyle
  7493 | D:8      | Noticed qw's ghost (novice MiFi)
  7502 | D:8      | Found a transporter.
  7505 | D:8      | Found a transporter.
  7599 | D:8      | 7599 ||| Stepping ~*~*~tactically~*~*~ (hiding).
  7601 | D:8      | 7601 ||| Stepping ~*~*~tactically~*~*~ (hiding).
  7620 | D:8      | Reached skill level 11 in Axes
  7665 | D:8      | Found a sparkling altar of Nemelex Xobeh.
  7753 | D:8      | Found a staircase to the Lair.
  7878 | D:8      | Found a hide-covered altar of Uskayaw.
  8062 | D:8      | 8062 ||| FLEEEEING.
  8072 | D:8      | 8072 ||| FLEEEEING.
  8073 | D:8      | 8073 ||| FLEEEEING.
  8084 | D:8      | 8084 ||| Stepping ~*~*~tactically~*~*~ (hiding).
  8320 | D:8      | 8320 ||| PLANNING LAIR
  8320 | D:8      | 8320 ||| READING 2 scrolls labelled BEARU TOER.
  8321 | D:8      | 8321 ||| READING scroll labelled CACZECLU LUSENK.
  8381 | D:8      | 8381 ||| READING 3 scrolls of identify.
  8381 | D:8      | 8381 ||| IDENTIFYING dark potion
  8382 | D:8      | 8382 ||| DROPPING scroll of noise.
  8419 | Lair:1   | Entered Level 1 of the Lair of Beasts
  8451 | Lair:1   | Noticed a cane toad
  8455 | Lair:1   | 8455 ||| INVOKING Berserk.
  8460 | Lair:1   | Killed a cane toad
  8466 | Lair:1   | 8466 ||| Stepping ~*~*~tactically~*~*~ (hiding).
  8474 | Lair:1   | Reached skill level 9 in Fighting
  8523 | Lair:1   | Reached skill level 6 in Armour
  8527 | Lair:1   | 8527 ||| INVOKING Berserk.
  8708 | Lair:1   | Noticed a cane toad
  8710 | Lair:1   | 8710 ||| INVOKING Berserk.
  8713 | Lair:1   | Killed a cane toad
  8725 | Lair:1   | Reached skill level 12 in Axes
  8736 | Lair:1   | Noticed a death yak
  8737 | Lair:1   | 8737 ||| Stepping ~*~*~tactically~*~*~ (stealth).
  8738 | Lair:1   | 8738 ||| Stepping ~*~*~tactically~*~*~ (stealth).
  8743 | Lair:1   | HP: 15/66 [wolf (4)]
  8744 | Lair:1   | 8744 ||| DRINKING 3 potions of heal wounds.
  8748 | Lair:1   | HP: 15/66 [death yak (21)]
  8749 | Lair:1   | 8749 ||| DRINKING 2 potions of heal wounds.
  8751 | Lair:1   | Reached XP level 11. HP: 24/71 MP: 11/11
  8752 | Lair:1   | 8752 ||| DRINKING potion of heal wounds.
  8755 | Lair:1   | Killed a death yak
  8796 | Lair:1   | 8796 ||| Stepping ~*~*~tactically~*~*~ (stealth).
  8841 | Lair:1   | 8841 ||| Stepping ~*~*~tactically~*~*~ (stealth).
  8862 | Lair:1   | 8862 ||| INVOKING Berserk.
  9045 | Lair:1   | 9045 ||| INVOKING Berserk.
  9197 | Lair:1   | 9197 ||| READING 2 scrolls of enchant weapon.
  9197 | Lair:1   | 9197 ||| ENCHANTING +1 war axe.
  9198 | Lair:1   | 9198 ||| READING scroll of enchant weapon.
  9198 | Lair:1   | 9198 ||| ENCHANTING +2 war axe.
  9220 | Lair:1   | 9220 ||| Stepping ~*~*~tactically~*~*~ (stealth).
  9224 | Lair:1   | 9224 ||| Stepping ~*~*~tactically~*~*~ (hiding).
  9226 | Lair:1   | 9226 ||| Stepping ~*~*~tactically~*~*~ (hiding).
  9271 | Lair:1   | 9271 ||| INVOKING Berserk.
  9388 | Lair:1   | You fall into a shaft and drop 1 floor!
  9391 | Lair:2   | 9391 ||| INVOKING Berserk.
  9393 | Lair:2   | Noticed a catoblepas
  9395 | Lair:2   | Noticed a bog body
  9405 | Lair:2   | Killed a bog body
  9406 | Lair:2   | Reached skill level 13 in Axes
  9413 | Lair:2   | Killed a catoblepas
  9466 | Lair:2   | 9466 ||| INVOKING Berserk.
  9468 | Lair:2   | Noticed a bog body
  9472 | Lair:2   | Killed a bog body
  9548 | Lair:2   | 9548 ||| Stepping ~*~*~tactically~*~*~ (stealth).
  9549 | Lair:2   | Found a staircase to the Swamp.
  9550 | Lair:2   | 9550 ||| Stepping ~*~*~tactically~*~*~ (hiding).
  9554 | Lair:2   | 9554 ||| INVOKING Berserk.
  9657 | Lair:2   | 9657 ||| READING scroll labelled VOPLID RAAPNA.
  9679 | Lair:1   | 9679 ||| INVOKING Berserk.
  9705 | Lair:1   | 9705 ||| Stepping ~*~*~tactically~*~*~ (stealth).
  9949 | Lair:1   | 9949 ||| INVOKING Berserk.
 10252 | Lair:1   | 10252 ||| READING 2 scrolls of identify.
 10252 | Lair:1   | 10252 ||| IDENTIFYING red potion
 10279 | Lair:2   | 10279 ||| STAIRDANCE
 10281 | Lair:1   | 10281 ||| INVOKING Berserk.
 10284 | Lair:1   | Reached skill level 14 in Axes
 10394 | Lair:2   | 10394 ||| INVOKING Berserk.
 10401 | Lair:2   | Reached XP level 12. HP: 77/77 MP: 12/12
 10467 | Lair:2   | 10467 ||| Stepping ~*~*~tactically~*~*~ (stealth).
 10469 | Lair:2   | 10469 ||| Stepping ~*~*~tactically~*~*~ (stealth).
 10487 | Lair:2   | 10487 ||| Stepping ~*~*~tactically~*~*~ (stealth).
 10733 | Lair:2   | 10733 ||| FLEEEEING.
 11130 | Lair:2   | Noticed a death yak
 11134 | Lair:2   | Noticed a death yak
 11136 | Lair:2   | 11136 ||| INVOKING Berserk.
 11138 | Lair:2   | Noticed a death yak
 11142 | Lair:2   | Killed a death yak
 11143 | Lair:2   | Noticed a death yak
 11147 | Lair:2   | Killed a death yak
 11155 | Lair:2   | Killed a death yak
 11160 | Lair:2   | Killed a death yak
 11674 | Lair:2   | 11674 ||| DRINKING 2 ruby potions.
 11675 | Lair:2   | 11675 ||| DROPPING potion of magic.
 11715 | Lair:3   | Noticed a seven-headed hydra
 11716 | Lair:3   | 11716 ||| INVOKING Brothers in Arms.
 11717 | Lair:3   | 11717 ||| INVOKING Brothers in Arms.
 11718 | Lair:3   | 11718 ||| INVOKING Berserk.
 11727 | Lair:3   | Killed a 13-headed hydra
 11941 | Lair:3   | 11941 ||| INVOKING Berserk.
 12092 | Lair:3   | Reached skill level 15 in Axes
 12167 | Lair:3   | Reached skill level 3 in Dodging
 12568 | Lair:3   | 12568 ||| READING scroll of brand weapon.
 12568 | Lair:3   | 12568 ||| BRANDING +3 war axe.
 12588 | Lair:3   | 12588 ||| Stepping ~*~*~tactically~*~*~ (stealth).
 12597 | Lair:3   | 12597 ||| INVOKING Berserk.
 12607 | Lair:3   | Reached skill level 12 in Fighting
 12614 | Lair:3   | Reached XP level 13. HP: 86/86 MP: 13/13
 12624 | Lair:3   | Noticed Kirke
 12625 | Lair:3   | 12625 ||| INVOKING Trog's Hand.
 12634 | Lair:3   | HP: 19/86 [lindwurm[Kirke] (6)]
 12635 | Lair:3   | 12635 ||| DRINKING potion of heal wounds.
 12641 | Lair:3   | Killed Kirke
 12648 | Lair:3   | 12648 ||| FLEEEEING.
 12649 | Lair:3   | 12649 ||| FLEEEEING.
 12650 | Lair:3   | 12650 ||| FLEEEEING.
 12651 | Lair:3   | 12651 ||| FLEEEEING.
 12894 | Lair:3   | 12894 ||| Stepping ~*~*~tactically~*~*~ (hiding).
 12905 | Lair:3   | 12905 ||| Stepping ~*~*~tactically~*~*~ (stealth).
 12905 | Lair:3   | Found a staircase to the Snake Pit.
 13001 | Lair:3   | 13001 ||| Stepping ~*~*~tactically~*~*~ (stealth).
 13021 | Lair:3   | Found a runed translucent gate.
 13021 | Lair:3   | Found a runed translucent gate.
 13021 | Lair:3   | Found a runed translucent gate.
 13024 | Lair:3   | Noticed qw's ghost (journeyman MiBe)
 13028 | Lair:3   | 13028 ||| INVOKING Berserk.
 13340 | Lair:3   | 13340 ||| Stepping ~*~*~tactically~*~*~ (stealth).
 13341 | Lair:3   | 13341 ||| Stepping ~*~*~tactically~*~*~ (stealth).
 13343 | Lair:3   | 13343 ||| INVOKING Berserk.
 13351 | Lair:3   | Reached skill level 16 in Axes
 13517 | Lair:3   | Reached skill level 9 in Armour
 13824 | Lair:4   | 13824 ||| Stepping ~*~*~tactically~*~*~ (stealth).
 13826 | Lair:4   | 13826 ||| Stepping ~*~*~tactically~*~*~ (stealth).
 13838 | Lair:4   | 13838 ||| FLEEEEING.
 13839 | Lair:4   | 13839 ||| FLEEEEING.
 13840 | Lair:4   | 13840 ||| FLEEEEING.
 13841 | Lair:4   | 13841 ||| FLEEEEING.
 13842 | Lair:4   | 13842 ||| FLEEEEING.
 13843 | Lair:4   | 13843 ||| FLEEEEING.
 13844 | Lair:4   | 13844 ||| FLEEEEING.
 13845 | Lair:4   | 13845 ||| FLEEEEING.
 13846 | Lair:4   | 13846 ||| FLEEEEING.
 14040 | Lair:4   | 14040 ||| Stepping ~*~*~tactically~*~*~ (hiding).
 14220 | Lair:4   | 14220 ||| Stepping ~*~*~tactically~*~*~ (stealth).
 14222 | Lair:4   | 14222 ||| Stepping ~*~*~tactically~*~*~ (stealth).
 14239 | Lair:4   | 14239 ||| FLEEEEING.
 14240 | Lair:4   | 14240 ||| FLEEEEING.
 14241 | Lair:4   | 14241 ||| FLEEEEING.
 14242 | Lair:4   | 14242 ||| FLEEEEING.
 14243 | Lair:4   | 14243 ||| FLEEEEING.
 14244 | Lair:4   | 14244 ||| FLEEEEING.
 14245 | Lair:4   | 14245 ||| FLEEEEING.
 14246 | Lair:4   | 14246 ||| FLEEEEING.
 14247 | Lair:4   | 14247 ||| FLEEEEING.
 14248 | Lair:4   | 14248 ||| FLEEEEING.
 14249 | Lair:4   | 14249 ||| FLEEEEING.
 14250 | Lair:4   | 14250 ||| FLEEEEING.
 14251 | Lair:4   | 14251 ||| FLEEEEING.
 14252 | Lair:4   | 14252 ||| FLEEEEING.
 14253 | Lair:4   | 14253 ||| FLEEEEING.
 14254 | Lair:4   | 14254 ||| STAIRDANCE
 14382 | Lair:3   | 14382 ||| DROPPING +6 ring of intelligence.
 14665 | Lair:4   | Found a viscous altar of Jiyva.
 14894 | Lair:4   | 14894 ||| INVOKING Brothers in Arms.
 14896 | Lair:4   | 14896 ||| SWAPPING to +0 flail of holy wrath.
 14897 | Lair:4   | 14897 ||| INVOKING Berserk.
 14903 | Lair:4   | 14903 ||| SWAPPING to +3 war axe of protection.
 15317 | Lair:4   | Found a staircase to the Slime Pits.
 15428 | Lair:5   | Entered Level 5 of the Lair of Beasts
 15430 | Lair:5   | 15430 ||| INVOKING Berserk.
 15495 | Lair:5   | HP: 19/88 [wyvern (6)]
 15496 | Lair:5   | 15496 ||| READING scroll of teleportation.
 15498 | Lair:5   | HP: 6/88 [komodo dragon (11)]
 15502 | Lair:5   | 15502 ||| INVOKING Berserk.
 15504 | Lair:5   | HP: 1/132 [water moccasin (5)]
 15505 | Lair:5   | Slain by a water moccasin

Levels and vault maps discovered:
D:1:      spicycebolla_arrival_clurvy, layout_loops_corners
D:2:      layout_loops_ring, basic_ecumenical_altar,
          chequers_serial_rivers_large_a, minmay_cut_off
D:3:      layout_rooms, portal_sewer_entry_e
D:4:      layout_basic, mainiacjoe_overflow_concentric_impassable,
          minmay_temple_entry_large_hall, uniq_edmund
D:5:      layout_basic, kennysheep_mini_moat, mainiacjoe_overflow_tiny_flanked,
          mainiacjoe_overflow_small_starburst, nicolae_overflow_hidden_temple,
          kennysheep_generic_room_10, uniq_duvessa, uniq_pikel
D:6:      layout_rooms, trog_butcher_becter, mainiacjoe_overflow_alcove_1,
          uniq_menkaure, uniq_grinder
D:7:      layout_loops_corners, minmay_gold_behind_fungi,
          hangedman_abyss_or_decor_stabs
D:8:      layout_basic, nicolae_uskayaw_dance_hall, nemelex_altar_shiori,
          dpeg_oklobed_lair, gammafunk_ghost_arena, nicolae_elevator_lobby_plus
Lair:1:   layout_cave_shapes, nzn_random_ring, serial_bayou_shore_b,
          lemuel_fruit_fields, grunt_megastairs_1
Lair:2:   layout_gridlike, nicolae_swamp_entry_splash_gauntlet, disabler_island,
          serial_bayou_shore_a
Lair:3:   layout_hall_layers, guppyfry_snake_entry_garden,
          gammafunk_ghost_hydra_chop, grunt_megastairs_4, uniq_kirke
Lair:4:   layout_layer_cave, dpeg_slime_entry_corner
Lair:5:   guppyfry_lair_end_dragon, layout_loops_ring,
          hangedman_lair_tendril_chambers

Skill      XL: |  1  2  3  4  5  6  7  8  9 10 11 12 13 |
---------------+----------------------------------------+-----
Axes           | 3 4 5 6 7 8 10 12 14 15 16 | 16.0
Throwing       | 1 3 |  3.0
Fighting       | 4 5 8 9 10 12 13 | 13.6
Armour         | 3 4 5 6 7 8 10 | 10.0
Dodging        | 2 3 |  3.1

Action                   |  1- 3 |  4- 6 |  7- 9 | 10-12 | 13-15 || total
-------------------------+-------+-------+-------+-------+-------++-------
Melee: Hand axe          |    52 |   119 |   107 |       |       ||   278
       Punch             |       |     1 |     3 |     5 |     3 ||    12
       War axe           |       |       |    37 |   397 |   205 ||   639
       Flail             |       |       |       |       |     1 ||     1
Throw: Javelin           |    14 |    18 |    17 |    10 |       ||    59
       Boomerang         |       |       |       |    22 |       ||    22
Invok: Berserk           |     1 |     3 |     8 |    18 |     5 ||    35
       Trog's Hand       |       |       |     1 |       |     1 ||     2
       Brothers in Arms  |       |       |       |     1 |     1 ||     2
  Use: Scroll            |     1 |     7 |     8 |    10 |     1 ||    27
       Potion            |     1 |     1 |     1 |     4 |     1 ||     8
 Stab: Petrifying        |       |       |       |     1 |       ||     1
       Distracted        |       |       |       |       |     1 ||     1
Armor: Animal skin       |    17 |    12 |       |       |       ||    29
       Scale mail        |       |    19 |     3 |       |       ||    22
       Ring mail         |       |     9 |       |       |       ||     9
       Chain mail        |       |       |    44 |   152 |   115 ||   311
Dodge: Dodged            |    32 |    43 |    32 |   115 |    64 ||   286
Block: Other             |     9 |    16 |    25 |    39 |    37 ||   126
       Reflection        |       |       |     1 |     1 |       ||     2

Table legend:
 A = Non-vault XP
 B = Vault XP
 C = Vault XP percentage of total XP
 D = Non-vault monster count
 E = Vault monster count
 F = Vault count percentage of total count
                 A         B        C        D         E       F
            +---------+---------+-------+---------+---------+-------
      Total |   36470 |   13277 |  26.7 |     265 |      64 |  19.5
            +---------+---------+-------+---------+---------+-------
        D:1 |      26 |       0 |   0.0 |      15 |       0 |   0.0
        D:2 |     158 |      19 |  10.7 |      28 |       4 |  12.5
        D:3 |      38 |      48 |  55.8 |      11 |       8 |  42.1
        D:4 |     316 |     154 |  32.8 |      13 |       1 |   7.1
        D:5 |     951 |     855 |  47.3 |      18 |       4 |  18.2
        D:6 |     588 |     841 |  58.9 |      12 |       6 |  33.3
        D:7 |    1299 |       0 |   0.0 |      30 |       0 |   0.0
        D:8 |     690 |       0 |   0.0 |      18 |       0 |   0.0
     Lair:1 |    3888 |    3986 |  50.6 |      18 |      11 |  37.9
     Lair:2 |    8292 |    2228 |  21.2 |      30 |      10 |  25.0
     Lair:3 |    9976 |    4597 |  31.5 |      31 |      11 |  26.2
     Lair:4 |    4655 |       0 |   0.0 |      23 |       0 |   0.0
     Lair:5 |    5593 |     411 |   6.8 |      18 |       2 |  10.0
      Sewer |       0 |     138 | 100.0 |       0 |       7 | 100.0
            +---------+---------+-------+---------+---------+-------
